 Dungeon Crawl Stone Soup version 0.25-a0-341-g6f074c887a (webtiles) character file.

Game seed: 9535791336041412809, levelgen mode: classic

7602 Borgoz the Basher (level 11, -16/69 HPs)
             Began as a Gargoyle Gladiator on Dec 30, 2019.
             Was a High Priest of Okawaru.
             Killed from afar by a fire dragon (48 damage)
             ... with a blast of flame
             ... on level 11 of the Dungeon.
             The game lasted 00:17:56 (10759 turns).

Borgoz the Basher (Gargoyle Gladiator)             Turns: 10759, Time: 00:17:56

Health: -16/69     AC: 29    Str: 24    XL:     11   Next: 17%
Magic:  11/11      EV: 10    Int:  8    God:    Okawaru [*****.]
Gold:   609        SH:  5    Dex: 13    Spells: 10/10 levels left

rFire    . . .     SeeInvis .   a - +0 flail
rCold    . . .     Gourm    +   E - +0 buckler
rNeg     + . .     Faith    .   L - +0 plate armour of Meowku {Str+4} (curse)
rPois    ∞         Spirit   .   c - +0 helmet
rElec    +         Reflect  .   h - +1 cloak
rCorr    .         Harm     .   C - +0 pair of gloves
MR       .....                  u - +2 pair of boots {Fly}
Stlth    ..........             l - amulet of the gourmand
HPRegen  0.21/turn              (no ring)
MPRegen  0.12/turn              (no ring)

@: marked, flying
A: negative energy resistance 1, electricity resistance, unbreathing,
petrification resistance, rot immunity, AC +8
a: Heroism, Finesse, Renounce Religion, Stop Flying


You were on level 11 of the Dungeon.
You worshipped Okawaru.
Okawaru was extremely pleased with you.
You were completely stuffed.

You visited 1 branch of the dungeon, and saw 11 of its levels.
You also visited: Sewer and Ossuary.

You collected 609 gold pieces.

Inventory:

Hand Weapons
 a - a +0 flail (weapon)
Missiles
 d - 5 throwing nets (quivered)
Armour
 c - a +0 helmet (worn)
 h - a +1 cloak (worn)
 u - a +2 pair of boots of flying (worn)
 C - a +0 pair of gloves (worn)
 E - a +0 buckler (worn)
 G - a +2 scale mail of cold resistance
 L - the cursed +0 plate armour of Meowku (worn) {Str+4}
   (You found it on level 10 of the Dungeon)

   It affects your strength (+4).
   It has a curse placed upon it.
Jewellery
 l - an amulet of the gourmand (around neck)
 M - the ring of Xeutuol {rElec Dex+3 Stlth-, unknown}
   (You found it on level 11 of the Dungeon)

   [ring of attention]

   It affects your dexterity (+3).
   It insulates you from electricity.
   It makes you less stealthy.
Wands
 y - a wand of paralysis (7)
 A - a wand of acid (6)
 D - a wand of disintegration (13)
Scrolls
 e - 4 scrolls of remove curse
 g - 3 scrolls of magic mapping
 j - 4 scrolls of teleportation {unknown}
 p - 4 scrolls of fear {unknown}
 B - 2 scrolls of amnesia {unknown}
 H - a scroll of random uselessness {unknown}
 I - a scroll of vulnerability {unknown}
 J - a scroll of summoning {unknown}
 K - 4 scrolls of identify
Potions
 b - a potion of brilliance
 i - 5 potions of curing
 k - 2 potions of mutation {unknown}
 m - 4 potions of degeneration {unknown}
 n - 2 potions of flight {unknown}
 o - 2 potions of resistance
 q - a potion of magic
 r - 10 potions of haste
 s - 4 potions of agility
 t - 2 potions of berserk rage {unknown}
 v - a potion of heal wounds
 w - 2 potions of lignification {unknown}
 z - a potion of might
 F - a potion of cancellation
Comestibles
 f - 19 rations


   Skills:
 + Level 8.4 Fighting
 * Level 10.8 Maces & Flails
 - Level 1.8 Throwing
 + Level 7.9 Armour
 + Level 6.5 Dodging
 + Level 4.6 Shields


You had 10 spell levels left.
You didn't know any spells.
Your spell library contained the following spells:

 Spells                   Type           Power        Failure   Level  Hunger
 Freeze                   Ice            #...         99%         1    ##.....
 Summon Butterflies       Summ           #.......     99%         1    ##.....
 Call Canine Familiar     Summ           #.......     100%        3    ####...
 Ozocubu's Armour         Chrm/Ice       #.......     100%        3    ####...
 Hailstorm                Conj/Ice       #.......     100%        4    #####..
 Summon Ice Beast         Ice/Summ       #.......     100%        4    #####..
 Summon Mana Viper        Hex/Summ       #.......     100%        5    ######.
 Summon Hydra             Summ           #.........   100%        7    #######


Dungeon Overview and Level Annotations

Branches:
Dungeon (11/15)            Temple (0/1) D:7             Orc (0/2) D:10
  Sewer (visited)         Ossuary (visited)
   Lair: D:8-11

Altars:
Hepliaklqana
Kikubaaqudgha
Okawaru
Qazlal
Sif Muna
Trog
Vehumet
Xom
Yredelemnul
Zin

Shops:
D:4 [

Annotations:
D:4 3 runed translucent doors, Glalom's ghost, amateur VSSk


Innate Abilities, Weirdness & Mutations

You are resistant to torment.
Your stone body is resilient. (AC +8)
You are immune to poison.
You resist negative energy. (rN+)
You are resistant to electric shocks. (rElec)
You can survive without breathing.
You are immune to petrification.
You are immune to rotting.


Message History

The fire dragon claws you but does no damage.
The fire dragon tramples you but does no damage.
Throwing (i - inventory)
d - 6 throwing nets (quivered)
Press: ? - help, Shift-Dir - straight line, f/p - fire dragon
Aim: a fire dragon (moderately wounded, catching its breath, covered in acid, immune to nets)
You throw a throwing net.
The throwing net barely misses the fire dragon.
The fire dragon bites you! The fire dragon misses you.
The fire dragon tramples you.
You are shoved backwards!
You sock the fire dragon!
The fire dragon is moderately wounded.
The fire dragon bites you but does no damage.
The fire dragon claws you but does no damage.
The fire dragon tramples you.
You are shoved backwards!
You hit the fire dragon but do no damage.
The fire dragon is moderately wounded.
The fire dragon breathes flames at you. The blast of flame hits you!!!
Ouch! That really hurt!
You die...

#≈≈≈≈≈...#
#≈≈≈≈≈...#
#≈≈≈≈≈≈.≈#
#≈..≈≈≈≈≈#
#.....≈≈≈#
#......≈≈#
#........#
##....D..#
#....@.##
#......#
##....##
##..##
......
#..#
......#
#.##
......#
#.#
......#
##.#
......#
#..#


You could see a fire dragon.

Vanquished Creatures
  A two-headed ogre (D:10)
  An ugly thing (D:11)
  2 centaur skeletons
  Prince Ribbit (D:7)
  2 hippogriffs
  A spriggan (D:7)
  A wyvern (D:10)
  A hungry ghost (D:9)
  A water moccasin (D:7)
  Duvessa (D:7)
  4 orc warriors
  A hornet zombie (D:9)
  2 ogres (D:5)
  A necrophage (D:8)
  2 ice beasts
  A phantom (D:8)
  2 sky beasts
  An eye of draining (D:11)
  2 centaurs
  2 elf zombies (Ossuary)
  Blork the orc (D:5)
  8 bullfrogs
  A water moccasin zombie (D:8)
  Dowan (D:7)
  A wyvern skeleton (D:10)
  3 scorpions
  3 killer bees (D:9)
  9 howler monkeys
  5 crimson imps
  8 hounds
  3 bullfrog skeletons
  2 centaur zombies
  5 jellies
  6 orc priests
  4 iguanas
  14 orc wizards
  8 worker ants
  2 big kobold zombies (Ossuary)
  2 mummies (Ossuary)
  A hound skeleton (D:9)
  Robin (D:2)
  3 worker ant zombies
  10 gnolls
  9 adders
  2 shadow imps
  2 oozes
  3 adder zombies
  2 adder skeletons
  4 worms
  3 dart slugs (D:1)
  12 leopard geckos
  32 orcs
  2 ball pythons
  11 giant cockroaches
  22 goblins
  6 hobgoblins
  4 jackals (Sewer)
  9 kobolds
  7 quokkas
  21 bats
  6 frilled lizards
  9 hobgoblin zombies (Ossuary)
  3 jackal zombies (Ossuary)
  10 kobold zombies (Ossuary)
  8 orc zombies (Ossuary)
  11 rats
  A rat zombie (Ossuary)
330 creatures vanquished.

Vanquished Creatures (others)
  An orc wizard (D:3)
1 creature vanquished.

Grand Total: 331 creatures vanquished

Notes
Turn   | Place    | Note
-------+----------+-------------------------------------------
     0 | D:1      | Borgoz the Gargoyle Gladiator began the quest for the Orb.
     0 | D:1      | Reached XP level 1. HP: 12/12 MP: 1/1
    78 | D:1      | Reached XP level 2. HP: 17/18 MP: 2/2
   432 | D:1      | Reached XP level 3. HP: 15/22 MP: 3/3
   504 | D:1      | Reached skill level 1 in Armour
   817 | D:2      | Noticed Robin
  1036 | D:2      | Reached XP level 4. HP: 22/27 MP: 4/4
  1049 | D:2      | Killed Robin
  1806 | D:2      | Reached skill level 4 in Maces & Flails
  2244 | D:4      | Reached XP level 5. HP: 10/32 MP: 5/5
  2508 | D:3      | Found a faded altar of an unknown god.
  2757 | D:3      | Reached XP level 6. HP: 36/37 MP: 6/6
  2849 | D:3      | Reached skill level 5 in Maces & Flails
  3431 | D:4      | Found Enkuved's Armour Shop.
  3499 | D:4      | Found a runed translucent gate.
  3502 | D:4      | Found a runed translucent gate.
  3502 | D:4      | Found a runed translucent gate.
  3503 | D:4      | Noticed Glalom's ghost (amateur VSSk)
  3504 | D:4      | Identified the cursed +0 short sword "Yguinonefu" {chaos,
                  | rN+ Int-3 Dex+3}
  3535 | D:4      | Found an iron altar of Okawaru.
  3538 | D:4      | Found a glowing silver altar of Zin.
  3541 | D:4      | Found a shimmering altar of Xom.
  3557 | D:4      | Became a worshipper of Warmaster Okawaru
  3691 | D:4      | Found an iron altar of Okawaru.
  3708 | D:4      | Reached XP level 7. HP: 38/42 MP: 7/7
  3850 | D:4      | Found a basalt altar of Yredelemnul.
  3985 | D:5      | Entered Level 5 of the Dungeon
  3985 | D:5      | Found a sand-covered staircase.
  4005 | Ossuary  | Entered an ossuary
  4146 | Ossuary  | Reached skill level 6 in Maces & Flails
  4267 | D:5      | Found a glowing drain.
  4286 | D:5      | Reached XP level 8. HP: 33/48 MP: 8/8
  4303 | Sewer    | Entered a sewer
  4827 | D:5      | Reached * piety under Okawaru
  4827 | D:5      | Reached skill level 5 in Fighting
  4917 | D:5      | Reached skill level 7 in Maces & Flails
  5104 | D:5      | Noticed Blork the orc
  5141 | D:5      | Killed Blork the orc
  5141 | D:5      | Reached skill level 5 in Armour
  5356 | D:5      | Reached ** piety under Okawaru
  5472 | D:6      | Reached XP level 9. HP: 55/55 MP: 9/9
  5508 | D:6      | Found a stormy altar of Qazlal.
  5561 | D:6      | Reached skill level 8 in Maces & Flails
  5689 | D:6      | Found a stormy altar of Qazlal.
  5785 | D:6      | Found a shimmering blue altar of Sif Muna.
  5809 | D:6      | Found an ancient bone altar of Kikubaaqudgha.
  5827 | D:6      | Found a radiant altar of Vehumet.
  6125 | D:7      | Reached skill level 5 in Dodging
  6284 | D:7      | Noticed Prince Ribbit
  6464 | D:7      | Found a bloodstained altar of Trog.
  6490 | D:7      | Found a staircase to the Ecumenical Temple.
  6517 | D:7      | Noticed Duvessa
  6518 | D:7      | Noticed Dowan
  6524 | D:7      | Killed Duvessa
  6531 | D:7      | Killed Dowan
  6613 | D:7      | Killed Prince Ribbit
  6613 | D:7      | Reached *** piety under Okawaru
  6768 | D:8      | Reached skill level 9 in Maces & Flails
  6768 | D:8      | Reached skill level 1 in Shields
  6825 | D:8      | Reached XP level 10. HP: 49/63 MP: 10/10
  6997 | D:8      | Reached **** piety under Okawaru
  8136 | D:9      | Found a hazy altar of Hepliaklqana.
  8676 | D:9      | Reached skill level 10 in Maces & Flails
  8990 | D:10     | Entered Level 10 of the Dungeon
  9065 | D:10     | Received a gift from Okawaru
  9159 | D:10     | Found a staircase to the Orcish Mines.
  9258 | D:10     | Got a twisted plate armour
  9269 | D:10     | Identified the cursed +0 plate armour of Meowku {Str+4}
                  | (You found it on level 10 of the Dungeon)
  9887 | D:11     | Noticed a two-headed ogre
  9908 | D:10     | Killed a two-headed ogre
  9908 | D:10     | Reached ***** piety under Okawaru
 10082 | D:11     | Reached XP level 11. HP: 68/68 MP: 11/11
 10524 | D:11     | Got a transparent platinum ring
 10564 | D:11     | Noticed a cyan ugly thing
 10590 | D:11     | Killed a cyan ugly thing
 10748 | D:11     | Noticed a fire dragon
 10759 | D:11     | Killed from afar by a fire dragon

Levels and vault maps discovered:
D:1:      elethiomel_arrival_quiet, layout_basic
D:2:      layout_loops_ring, minivault_11, minmay_tiny_reverse_x, uniq_robin
D:3:      wander_river, layout_basic, chequers_ecumenical_altar_simple,
          first_ration, cheibrodos_gnoll_hut
D:4:      layout_cave_pools, lemuel_coloured_pillars_altar,
          minmay_overflow_temple_star_quad, serial_shops, shop,
          gammafunk_ghost_nasty_kobolds, okawaru_altar_gauntlet_db
D:5:      layout_basic, portal_sewer_entry_f, nicolae_ossuary_entry_monument,
          uniq_blork_the_orc
D:6:      layout_rooms, palyth_temple_overflow_mages, lemuel_round_altar,
          basic_altar
D:7:      layout_rooms, minmay_temple_entry_trees, the_bakery,
          grunt_decor_arrowhead, trog_book, uniq_duvessa, uniq_prince_ribbit1
D:8:      layout_loops_ring
D:9:      layout_grid_maze, overflow_temple_1_default, st_stairs_11
D:10:     layout_basic, orc_0_dummy
D:11:     dragon1_lemuel, layout_gridville, lair_entry_dummy,
          chequers_serial_rivers_micro_c

Skill      XL: |  1  2  3  4  5  6  7  8  9 10 |
---------------+-------------------------------+-----
Armour         | 1 2 3 4 5 6 7 |  7.9
Fighting       | 3 4 5 7 8 |  8.4
Maces & Flails | 4 5 6 7 9 10 | 10.8
Dodging        | 3 4 5 6 |  6.5
Shields        | 1 4 |  4.6
Throwing       | |  1.8

Action                   |  1- 3 |  4- 6 |  7- 9 | 10-12 || total
-------------------------+-------+-------+-------+-------++-------
Melee: Flail             |   158 |   268 |   623 |   560 ||  1609
Throw: Throwing net      |       |     4 |       |     3 ||     7
Evoke: Wand              |       |       |       |     2 ||     2
  Use: Potion            |       |     2 |     4 |     4 ||    10
       Scroll            |       |     6 |     4 |     3 ||    13
 Stab: Held in net/web   |       |     1 |       |     1 ||     2
       Invisible         |       |       |       |     2 ||     2
  Eat: Chunk             |       |    23 |    13 |    23 ||    59
Armor: Leather armour    |    91 |    73 |       |       ||   164
       Scale mail        |       |   131 |   365 |   191 ||   687
       Plate armour      |       |       |       |    94 ||    94
       Skin              |       |       |       |     3 ||     3
Dodge: Dodged            |   150 |   264 |   375 |   321 ||  1110
Block: Buckler           |       |       |     7 |   120 ||   127

Table legend:
 A = Non-vault XP
 B = Vault XP
 C = Vault XP percentage of total XP
 D = Non-vault monster count
 E = Vault monster count
 F = Vault count percentage of total count
                 A         B        C        D         E       F
            +---------+---------+-------+---------+---------+-------
      Total |    9343 |    1518 |  14.0 |     231 |     100 |  30.2
            +---------+---------+-------+---------+---------+-------
        D:1 |      62 |       2 |   3.1 |      34 |       1 |   2.9
        D:2 |      13 |      42 |  76.4 |       9 |      14 |  60.9
        D:3 |     174 |     100 |  36.5 |      26 |       3 |  10.3
        D:4 |     348 |      37 |   9.6 |      12 |       6 |  33.3
        D:5 |    1080 |     105 |   8.9 |      27 |       5 |  15.6
        D:6 |     392 |     109 |  21.8 |      11 |       3 |  21.4
        D:7 |     493 |     723 |  59.5 |      14 |       4 |  22.2
        D:8 |    2071 |       0 |   0.0 |      40 |       0 |   0.0
        D:9 |    1108 |      15 |   1.3 |      21 |       2 |   8.7
       D:10 |    1877 |       0 |   0.0 |      17 |       0 |   0.0
       D:11 |    1725 |       0 |   0.0 |      20 |       0 |   0.0
      Sewer |       0 |      55 | 100.0 |       0 |      23 | 100.0
    Ossuary |       0 |     330 | 100.0 |       0 |      39 | 100.0
            +---------+---------+-------+---------+---------+-------
